[Event "Titled Tuesday Blitz July 4 Late 2023"]
[White "Korpics, Zsolt"]
[Black "Winkels, Marcel"]
[WhiteFideId "705241"]
[BlackFideId "1003887"]
[WhiteElo "2319"]
[BlackElo "2084"]
[Result "1-0"]
[Round "6"]
[TimeControl "180+2"]
[Date "2023.07.04"]
[WhiteClock "0:00:05"]
[BlackClock "0:00:00"]
[Board "144"]

1. e4 c5 2. Nf3 e6 3. d4 cxd4 4. Nxd4 Nc6 5. Nc3 Qc7 6. Be3 a6 7. Qf3 Bd6 8. O-O-O Be5 9. Nxc6 bxc6 10. Bd4 Nf6 11. Bxe5 Qxe5 12. g4 d5 13. exd5 cxd5 14. h4 O-O 15. Bd3 Bb7 16. g5 Ne4 17. Bxe4 dxe4 18. Qe3 Rab8 19. Rhe1 Bd5 20. f3 Bxa2 21. fxe4 Rfc8 22. Rd7 Qa5 23. Rf1 Bc4 24. Rfxf7 Qe5 25. Rxg7+ Qxg7 26. Rxg7+ Kxg7 27. Qd4+ Kg8 28. h5 Rb4 29. h6 Rb7 30. Qf6 Rf7 31. Qe5 Rf1+ 32. Kd2 Rf2+ 33. Ke3 Rf7 34. b3 Bb5 35. Nxb5 axb5 36. Qxe6 Rxc2 37. g6 hxg6 38. Qxg6+ Kf8 39. h7 Rc3+ 40. Kd4 Rh3 41. Qg8+ Ke7 42. h8=Q Rxh8 43. Qxh8 1-0


[Site "https://www.chess.com"]

[Event "Titled Tuesday Blitz July 4 Late 2023"]
[White "Kukavica, Tony"]
[Black "Horokoskii"]
[WhiteFideId "2062542"]
[WhiteElo "2301"]
[BlackElo "2078"]
[Result "1-0"]
[Round "6"]
[TimeControl "180+2"]
[Date "2023.07.04"]
[WhiteClock "0:00:17"]
[BlackClock "0:00:00"]
[Board "145"]

1. Nf3 Nf6 2. b3 g6 3. Bb2 Bg7 4. g4 d6 5. g5 Nh5 6. Bxg7 Nxg7 7. h4 c5 8. Bh3 Bxh3 9. Rxh3 Qd7 10. Rh2 Nc6 11. e3 b5 12. d3 a5 13. Nbd2 a4 14. Ke2 Qe6 15. Qh1 O-O 16. Nf1 c4 17. bxc4 bxc4 18. Ng3 cxd3+ 19. cxd3 Rab8 20. h5 Rb2+ 21. Kf1 Rxa2 22. Rxa2 Qxa2 23. Kg2 Qe6 24. hxg6 Qxg6 25. Rh6 Qxd3 26. e4 f5 27. Rxh7 fxe4 28. Rh8+ Kf7 29. g6+ Ke6 30. Ng5+ Kd7 31. Qh3+ Ne6 32. Qxe6+ Kc7 33. Rxf8 e3 34. Qxe3 Qxg6 35. Rf4 Qxg5 36. Rc4 Qd5+ 37. Qe4 Qd1 38. Qxc6+ 1-0


[Site "https://www.chess.com"]

[Event "Titled Tuesday Blitz July 4 Late 2023"]
[White "Zampronha, Wladimir Camilo"]
[Black "Graham, Nathaniel"]
[WhiteFideId "2103087"]
[BlackFideId "2007983"]
[WhiteElo "2279"]
[BlackElo "2063"]
[Result "1-0"]
[Round "6"]
[TimeControl "180+2"]
[Date "2023.07.04"]
[WhiteClock "0:00:35"]
[BlackClock "0:00:06"]
[Board "146"]

1. e4 c5 2. Nf3 e6 3. d4 cxd4 4. Nxd4 a6 5. Bd3 Nc6 6. Be3 Nf6 7. Nc3 d5 8. exd5 Nxd5 9. Nxd5 Qxd5 10. Nxc6 Qxc6 11. O-O b5 12. Qg4 Bb7 13. f3 Bc5 14. Bxc5 Qxc5+ 15. Kh1 O-O 16. Rae1 Rfd8 17. Qh4 h6 18. Re2 Qd4 19. Qxd4 Rxd4 20. Kg1 Bd5 21. a3 b4 22. axb4 Rxb4 23. b3 a5 24. Ra1 a4 25. bxa4 Rbxa4 26. Rxa4 Rxa4 27. Kf2 Kf8 28. Re1 Ke7 29. Rb1 f5 30. Rb8 Kf6 31. Rb6 f4 32. Rb8 Ra1 33. Rf8+ Ke5 34. Rf7 g5 35. Rh7 Ra2 36. Rxh6 Bb3 37. h4 Bxc2 38. Bxc2 Rxc2+ 39. Kg1 Kf5 40. Rh5 e5 41. Rxg5+ Kf6 42. Kh2 Rc1 43. Rg8 Rc7 44. Rf8+ Kg6 45. Re8 Kf5 46. Rg8 Rh7 47. Kh3 Kf6 48. Kg4 Ra7 49. h5 Ra2 50. Rg6+ Kf7 51. Kf5 Ra5 52. Rf6+ Kg7 53. Re6 e4+ 54. Kxe4 Rg5 55. Rg6+ Rxg6 56. hxg6 Kxg6 57. Kxf4 1-0


[Site "https://www.chess.com"]

[Event "Titled Tuesday Blitz July 4 Late 2023"]
[White "Upper, John"]
[Black "Sokolov, Andrei"]
[WhiteFideId "2606437"]
[BlackFideId "11600306"]
[WhiteElo "1933"]
[BlackElo "2268"]
[Result "0-1"]
[Round "6"]
[TimeControl "180+2"]
[Date "2023.07.04"]
[WhiteClock "0:00:02"]
[BlackClock "0:00:06"]
[Board "147"]

1. Nf3 d5 2. d4 Bf5 3. c4 c6 4. e3 e6 5. Nc3 Nd7 6. Bd3 Bxd3 7. Qxd3 Ngf6 8. O-O Bd6 9. e4 dxe4 10. Nxe4 Nxe4 11. Qxe4 Nf6 12. Qd3 O-O 13. Bg5 Be7 14. Rfd1 Qb6 15. b3 Rfd8 16. h3 c5 17. Be3 Qc7 18. Qc2 cxd4 19. Bxd4 b5 20. Be5 Qc6 21. Nd4 Qc5 22. Bxf6 Bxf6 23. Nxb5 Bxa1 24. Rxa1 Rac8 25. Qe2 a6 26. Nc3 Qd4 27. Rc1 Qd2 28. Qf1 Qb2 29. g4 Rd2 30. Ne4 Re2 31. Nd6 Rd8 32. Rd1 Rd2 33. Rxd2 Qxd2 34. c5 Qd5 35. Qxa6 Qxc5 36. Nc4 Rd1+ 37. Kg2 Qd5+ 38. Kh2 Rh1+ 39. Kg3 Qd3+ 40. Kg2 Qf1+ 41. Kf3 Rxh3+ 42. Ke4 Qd3+ 43. Ke5 Qd5+ 44. Kf4 Rf3# 0-1


[Site "https://www.chess.com"]

[Event "Titled Tuesday Blitz July 4 Late 2023"]
[White "Vargas, Mauricio"]
[Black "rionelG"]
[WhiteFideId "4404572"]
[WhiteElo "1880"]
[BlackElo "2263"]
[Result "1-0"]
[Round "6"]
[TimeControl "180+2"]
[Date "2023.07.04"]
[WhiteClock "0:00:40"]
[BlackClock "0:00:00"]
[Board "148"]

1. e4 c5 2. Nc3 d6 3. f4 a6 4. Nf3 Nc6 5. d3 g6 6. h3 Bg7 7. g4 f5 8. gxf5 gxf5 9. Bd2 e5 10. Ng5 Nf6 11. Nd5 h6 12. Nxf6+ Qxf6 13. Qh5+ Ke7 14. Nf3 fxe4 15. dxe4 exf4 16. Bc3 Ne5 17. Nxe5 dxe5 18. O-O-O Be6 19. Rg1 Rhg8 20. Rg6 Bf7 21. Rxf6 Bxh5 22. Rfd6 Bxd1 23. Rxd1 Rad8 24. Bd3 1-0


[Site "https://www.chess.com"]

[Event "Titled Tuesday Blitz July 4 Late 2023"]
[White "Kohler, Aran"]
[Black "Gyulamiryan-koryun"]
[WhiteFideId "1002856"]
[WhiteElo "2248"]
[BlackElo "1722"]
[Result "1-0"]
[Round "6"]
[TimeControl "180+2"]
[Date "2023.07.04"]
[WhiteClock "0:00:27"]
[BlackClock "0:00:00"]
[Board "149"]

1. e4 e5 2. Nf3 Nc6 3. Bc4 Nf6 4. Ng5 d5 5. exd5 Na5 6. Bb5+ c6 7. dxc6 bxc6 8. Bd3 Nb7 9. O-O Nc5 10. Bc4 Be6 11. Nxe6 Nxe6 12. Re1 Bd6 13. Bxe6 fxe6 14. d3 O-O 15. Nc3 Bb4 16. Bd2 Qd4 17. Ne2 Qb6 18. Be3 Bc5 19. Ng3 Nd5 20. Bxc5 Qxc5 21. Qd2 Nf6 22. Qe2 Nd7 23. Ne4 Qe7 24. a3 Rf7 25. Qe3 Raf8 26. Re2 c5 27. Rf1 a5 28. f3 Rc8 29. c4 Nb6 30. b4 axb4 31. axb4 Nd7 32. b5 Nb6 33. Ra2 Qd8 34. Nxc5 Qd4 35. Qxd4 exd4 36. Nxe6 Re8 37. Ng5 Rfe7 38. Ne4 Nd7 39. Ra7 Ne5 40. Rxe7 Rxe7 41. Rd1 Kf7 42. c5 Ke6 43. b6 1-0


[Site "https://www.chess.com"]

[Event "Titled Tuesday Blitz July 4 Late 2023"]
[White "Cardenas Carbajal, Nilson"]
[Black "Broca Jimenez, Fernando"]
[WhiteFideId "8401128"]
[BlackFideId "5104742"]
[WhiteElo "2104"]
[BlackElo "2250"]
[Result "1-0"]
[Round "6"]
[TimeControl "180+2"]
[Date "2023.07.04"]
[WhiteClock "0:00:50"]
[BlackClock "0:00:13"]
[Board "150"]

1. e4 c5 2. d4 cxd4 3. c3 Nf6 4. e5 Nd5 5. Nf3 Nc6 6. cxd4 d6 7. Bc4 Nb6 8. Bb5 dxe5 9. Nxe5 Bd7 10. Nxd7 Qxd7 11. Nc3 a6 12. Bxc6 Qxc6 13. d5 Qc4 14. Be3 Nd7 15. Rc1 e6 16. b3 Qb4 17. dxe6 fxe6 18. O-O Rd8 19. Re1 Be7 20. Qh5+ g6 21. Qh3 Kf7 22. Bh6 Bf6 23. Qxe6# 1-0


[Site "https://www.chess.com"]

[Event "Titled Tuesday Blitz July 4 Late 2023"]
[White "Sainz Aguirre, Ignacio"]
[Black "Thiel, Thomas"]
[WhiteFideId "5101727"]
[BlackFideId "4615964"]
[WhiteElo "1947"]
[BlackElo "2204"]
[Result "0-1"]
[Round "6"]
[TimeControl "180+2"]
[Date "2023.07.04"]
[WhiteClock "0:00:00"]
[BlackClock "0:01:57"]
[Board "151"]

1. e4 d5 2. exd5 Nf6 3. d4 Nxd5 4. Nf3 g6 5. Be2 Bg7 6. O-O O-O 7. h3 Nc6 8. c4 Nb6 9. Be3 e5 10. d5 Na5 11. Nbd2 e4 12. Nd4 c6 13. b4 c5 14. bxc5 Nd7 15. Nxe4 Re8 16. Nd6 Rf8 17. N4b5 Bxa1 18. Qxa1 a6 19. Bh6 f6 20. Nxc8 Rxc8 21. Nd6 Rc7 22. Bxf8 Qxf8 23. Bg4 Nxc5 0-1


[Site "https://www.chess.com"]

[Event "Titled Tuesday Blitz July 4 Late 2023"]
[White "Howell, David W L"]
[Black "Lutz, Igor Oscar"]
[WhiteFideId "410608"]
[BlackFideId "2110806"]
[WhiteElo "2997"]
[BlackElo "1977"]
[Result "1-0"]
[Round "6"]
[TimeControl "180+2"]
[Date "2023.07.04"]
[WhiteClock "0:02:08"]
[BlackClock "0:01:28"]
[Board "152"]

1. g3 c6 2. c4 d5 3. Nf3 e6 4. Bg2 Nf6 5. O-O Nbd7 6. d4 Be7 7. Qc2 O-O 8. Nbd2 b6 9. e4 Bb7 10. e5 Ne8 11. cxd5 cxd5 12. Re1 Rc8 13. Qd1 f6 14. exf6 Bxf6 15. Rxe6 Nc7 16. Re1 Nb5 17. Nf1 Rc4 18. Ne3 Rc7 19. Ng4 Be7 20. Qe2 Bd6 21. Qxb5 1-0


[Site "https://www.chess.com"]

[Event "Titled Tuesday Blitz July 4 Late 2023"]
[White "Oliveira, Tiago Batista"]
[Black "Herman, Matthew"]
[WhiteFideId "2108291"]
[BlackFideId "2028964"]
[WhiteElo "2141"]
[BlackElo "2453"]
[Result "0-1"]
[Round "6"]
[TimeControl "180+2"]
[Date "2023.07.04"]
[WhiteClock "0:00:00"]
[BlackClock "0:00:03"]
[Board "153"]

1. d4 Nf6 2. c4 g6 3. Nc3 Bg7 4. e4 d6 5. Nf3 O-O 6. Be2 Nbd7 7. Be3 Ng4 8. Bg5 f6 9. Bh4 Nh6 10. d5 Nf7 11. Nd4 Nb6 12. O-O Re8 13. Bg4 e5 14. Ne6 Bxe6 15. Bxe6 Nxc4 16. Qe2 Nb6 17. Rac1 a6 18. b4 Nd7 19. b5 Nc5 20. Bxf7+ Kxf7 21. f4 exf4 22. Rxf4 Kg8 23. Bf2 f5 24. bxa6 Rxa6 25. Bxc5 dxc5 26. Qc4 Bd4+ 27. Kh1 fxe4 28. Nxe4 b6 29. d6+ Kh8 30. Rcf1 Ra8 31. Qf7 cxd6 32. Ng5 Qxg5 33. h4 Qe7 34. Qd5 Qg7 35. Rf7 Qh6 36. g3 Rad8 37. Qb7 Rg8 38. Qc7 Be5 39. Qxb6 Qd2 40. Qb1 Qd5+ 41. Kh2 Rde8 42. Qc2 Bg7 43. Qg2 Qe6 0-1


[Site "https://www.chess.com"]

[Event "Titled Tuesday Blitz July 4 Late 2023"]
[White "Alimpic, Aleksa"]
[Black "Tqebuchava, Zurab"]
[WhiteFideId "974323"]
[BlackFideId "13601113"]
[WhiteElo "2342"]
[BlackElo "2056"]
[Result "0-1"]
[Round "6"]
[TimeControl "180+2"]
[Date "2023.07.04"]
[WhiteClock "0:00:00"]
[BlackClock "0:00:03"]
[Board "154"]

1. Nf3 d6 2. d4 g6 3. g3 Bg7 4. Bg2 Nf6 5. O-O O-O 6. a4 a5 7. Nc3 c6 8. e4 Bg4 9. h3 Bxf3 10. Bxf3 e5 11. dxe5 dxe5 12. Qe2 Nbd7 13. Rd1 Qc7 14. Be3 h6 15. Rd2 Rfd8 16. Rad1 Nf8 17. Qc4 Ne6 18. Qb3 Rxd2 19. Rxd2 Nd7 20. Bg4 Nd4 21. Qc4 h5 22. Bd1 Nf8 23. Kg2 Rd8 24. Ne2 Nde6 25. h4 Rxd2 26. Bxd2 Kh7 27. Be3 Bh6 28. Bxh6 Kxh6 29. c3 Qd8 30. Bc2 Qb6 31. Qb3 Qxb3 32. Bxb3 Kg7 33. Kf3 Nc5 34. Bc2 Nfe6 35. Ke3 Kf6 36. f4 Nd7 37. Ng1 exf4+ 38. gxf4 Ke7 39. Nf3 Nf6 40. Ne5 Nc5 41. b4 axb4 42. cxb4 Ncd7 43. Nxd7 Kxd7 44. Kd4 Ng4 45. Bb3 Ke7 46. b5 cxb5 47. axb5 Nh2 48. Kd5 Nf3 49. e5 Nxh4 0-1


[Site "https://www.chess.com"]

[Event "Titled Tuesday Blitz July 4 Late 2023"]
[White "Phillips, Rene"]
[Black "Alexikov, Alexander"]
[WhiteFideId "2056275"]
[BlackFideId "14103958"]
[WhiteElo "2014"]
[BlackElo "2267"]
[Result "0-1"]
[Round "6"]
[TimeControl "180+2"]
[Date "2023.07.04"]
[WhiteClock "0:01:54"]
[BlackClock "0:01:32"]
[Board "155"]

1. d4 Nf6 2. Bf4 g6 3. e3 Bg7 4. Nf3 d6 5. h3 O-O 6. a4 c5 7. c3 Nc6 8. Nbd2 Bf5 9. dxc5 dxc5 10. Bb5 Rc8 11. O-O a6 12. Be2 Bd3 13. Nc4 Bxe2 14. Qxe2 Nd5 15. Bg5 h6 16. Bh4 Qd7 17. Rfd1 Qe6 18. Bg3 Rcd8 19. Bc7 Nxc7 0-1


[Site "https://www.chess.com"]

[Event "Titled Tuesday Blitz July 4 Late 2023"]
[White "Carlsen, Magnus"]
[Black "Bluebaum, Matthias"]
[WhiteFideId "1503014"]
[BlackFideId "24651516"]
[WhiteElo "3262"]
[BlackElo "3043"]
[Result "1-0"]
[Round "7"]
[TimeControl "180+2"]
[Date "2023.07.04"]
[WhiteClock "0:01:23"]
[BlackClock "0:00:14"]
[Board "1"]

1. a3 d5 2. Nf3 Nf6 3. d4 e6 4. Bf4 Bd6 5. e3 c5 6. dxc5 Bxc5 7. c4 O-O 8. Nc3 Nc6 9. Qc2 Be7 10. Rd1 Qa5 11. Be2 dxc4 12. Bxc4 Bd7 13. O-O Rfd8 14. e4 Be8 15. e5 Nd7 16. Qe2 Nf8 17. h4 Rxd1 18. Rxd1 Rd8 19. Bd3 Rd7 20. h5 h6 21. Ne4 Qd8 22. Nd6 Nxe5 23. Bxe5 Bxd6 24. Bb5 Bxe5 25. Bxd7 Bf6 26. Bxe6 Qe7 27. Bc4 Qxe2 28. Bxe2 Bxb2 29. Rd8 Bc6 30. Bc4 b5 31. Bd5 Bxd5 32. Rxd5 Bxa3 33. Rxb5 Ne6 34. Rb8+ Bf8 35. Ra8 Nf4 36. Ne5 Ne6 37. Nd7 g6 38. hxg6 fxg6 39. Kh2 Kg7 40. Nxf8 Nxf8 41. Rxa7+ Kf6 42. Kg3 Ne6 43. Kf3 h5 44. Ke3 Kf5 45. Ra5+ Kf6 46. Ke4 Ng5+ 47. Kd5 Nf7 48. Ra4 Kf5 49. g3 g5 50. Ra8 Kf6 51. Ra7 h4 52. g4 h3 53. Ra6+ Kg7 54. Ke6 Nh6 55. f3 Kg6 56. Ke5+ Kg7 57. Ra2 Kg6 58. Rh2 Nf7+ 59. Ke6 Nd8+ 60. Kd5 Nb7 61. Rxh3 Nd8 62. Rh8 Nf7 63. Rg8+ Kf6 64. Rf8 Ke7 65. Rxf7+ Kxf7 66. Ke5 Kg7 67. Ke6 Kh6 68. Kf6 Kh7 69. Kxg5 Kh8 70. Kg6 Kg8 71. g5 Kh8 72. Kf7 Kh7 73. g6+ Kh8 74. g7+ Kh7 75. g8=Q+ Kh6 76. Qg6# 1-0


[Site "https://www.chess.com"]

[Event "Titled Tuesday Blitz July 4 Late 2023"]
[White "Erigaisi Arjun"]
[Black "Caruana, Fabiano"]
[WhiteFideId "35009192"]
[BlackFideId "2020009"]
[WhiteElo "3154"]
[BlackElo "3116"]
[Result "0-1"]
[Round "7"]
[TimeControl "180+2"]
[Date "2023.07.04"]
[WhiteClock "0:00:07"]
[BlackClock "0:00:14"]
[Board "2"]

1. c4 e5 2. Nc3 Bb4 3. Nd5 Be7 4. Nf3 d6 5. d4 e4 6. Nd2 f5 7. e3 Nf6 8. Nxf6+ Bxf6 9. Be2 O-O 10. O-O c5 11. Nb3 b6 12. Bd2 Nc6 13. Bc3 a5 14. a4 Nb4 15. f3 Bb7 16. d5 Qe7 17. Qd2 Rae8 18. f4 Bc8 19. Kh1 Bd7 20. Nc1 g6 21. Rg1 h5 22. g3 Qg7 23. Ra3 Kf7 24. Kg2 Rh8 25. Kf1 Ke7 26. Ke1 g5 27. Rf1 g4 28. Rf2 h4 29. Bf1 hxg3 30. hxg3 Rh1 31. Rh2 Rh8 32. Rxh1 Rxh1 33. Kf2 Qh6 34. Bxf6+ Kxf6 35. Bg2 Qh2 36. Ne2 Rb1 37. Nc1 Kf7 38. Ne2 Bxa4 39. Nc1 Bc2 40. Rc3 Bd3 41. b3 Qh8 42. Kg1 Na2 0-1


[Site "https://www.chess.com"]

[Event "Titled Tuesday Blitz July 4 Late 2023"]
[White "Mamedov, Rauf"]
[Black "Andreikin, Dmitry"]
[WhiteFideId "13401653"]
[BlackFideId "4158814"]
[WhiteElo "3060"]
[BlackElo "2981"]
[Result "1/2-1/2"]
[Round "7"]
[TimeControl "180+2"]
[Date "2023.07.04"]
[WhiteClock "0:01:06"]
[BlackClock "0:01:54"]
[Board "3"]

1. e4 c5 2. c3 d5 3. exd5 Qxd5 4. Nf3 g6 5. d4 Bg7 6. Na3 Nf6 7. Bc4 Qe4+ 8. Be3 O-O 9. h3 cxd4 10. Qxd4 Nc6 11. Qxe4 Nxe4 12. O-O Nd6 13. Bd5 Rd8 14. Rad1 Bd7 15. Rfe1 Bf6 16. Bf4 Be8 17. g4 Kf8 18. Bh6+ Bg7 19. Bg5 Bf6 20. Bh6+ Bg7 21. Bg5 Bf6 22. Bh6+ 1/2-1/2


[Site "https://www.chess.com"]

[Event "Titled Tuesday Blitz July 4 Late 2023"]
[White "Martinez Alcantara, Jose Eduardo"]
[Black "Lazavik, Denis"]
[WhiteFideId "3805662"]
[BlackFideId "13515110"]
[WhiteElo "3029"]
[BlackElo "3054"]
[Result "1/2-1/2"]
[Round "7"]
[TimeControl "180+2"]
[Date "2023.07.04"]
[WhiteClock "0:01:31"]
[BlackClock "0:01:17"]
[Board "4"]

1. e4 e5 2. Nf3 Nc6 3. Bb5 Nf6 4. O-O Nxe4 5. Re1 Nd6 6. Nxe5 Be7 7. Bf1 Nxe5 8. Rxe5 O-O 9. d4 Bf6 10. Re1 Re8 11. Rxe8+ Nxe8 12. c3 d5 13. Bf4 Bf5 14. Qb3 b6 15. Nd2 c6 16. Re1 Nc7 17. Qa4 Ne6 18. Be5 b5 19. Qa6 Qb6 20. Qa3 Bxe5 21. Rxe5 Bg6 22. Nf3 h6 23. h4 a5 24. Qb3 b4 25. Re3 Be4 26. Nd2 Bf5 27. Nf3 Be4 28. Nd2 Bf5 29. Nf3 Be4 1/2-1/2


[Site "https://www.chess.com"]

[Event "Titled Tuesday Blitz July 4 Late 2023"]
[White "Talibov, Shiroghlan"]
[Black "Bortnyk, Olexandr"]
[WhiteFideId "13429078"]
[BlackFideId "14120828"]
[WhiteElo "2816"]
[BlackElo "3034"]
[Result "0-1"]
[Round "7"]
[TimeControl "180+2"]
[Date "2023.07.04"]
[WhiteClock "0:00:00"]
[BlackClock "0:01:31"]
[Board "5"]

1. e4 Nf6 2. e5 Nd5 3. c4 Nb6 4. d4 d6 5. f4 dxe5 6. fxe5 Bf5 7. Be3 e6 8. Nc3 Bb4 9. Nf3 c5 10. a3 Bxc3+ 11. bxc3 O-O 12. Be2 Nc6 13. O-O Bg6 14. a4 Na5 15. Nd2 Rc8 16. dxc5 Nd7 17. Nb3 Nxb3 18. Qxb3 Qc7 19. Bd4 Nxc5 20. Qa3 Rfd8 21. a5 h6 22. Kh1 Rd7 23. Rfd1 b6 24. axb6 axb6 25. Bf3 Nd3 26. Qb3 Nxe5 27. Bxe5 Rxd1+ 28. Rxd1 Qxe5 29. Qxb6 Rxc4 30. Qd8+ Kh7 31. Qf8 Rxc3 32. h3 Qg3 33. Rd8 Rc1+ 34. Bd1 Rxd1+ 35. Rxd1 Be4 0-1


[Site "https://www.chess.com"]

[Event "Titled Tuesday Blitz July 4 Late 2023"]
[White "Hamidi, Amir Mohammad"]
[Black "Korobov, Anton"]
[WhiteFideId "12563285"]
[BlackFideId "14105730"]
[WhiteElo "2812"]
[BlackElo "3020"]
[Result "1-0"]
[Round "7"]
[TimeControl "180+2"]
[Date "2023.07.04"]
[WhiteClock "0:00:17"]
[BlackClock "0:00:06"]
[Board "6"]

1. d4 Nf6 2. c4 e6 3. Nc3 d5 4. Bg5 c6 5. e3 Qa5 6. Bxf6 gxf6 7. Nf3 Nd7 8. a3 dxc4 9. Bxc4 b5 10. Be2 Qb6 11. O-O Bb7 12. b4 a5 13. Qb3 f5 14. Rfd1 Be7 15. Bf1 O-O 16. g3 Ra7 17. Bg2 Rfa8 18. Rab1 axb4 19. axb4 Ra3 20. Qc2 Qd8 21. Ne1 Nb6 22. Nd3 Nc4 23. Nxb5 cxb5 24. Bxb7 Ra2 25. Qc3 R8a7 26. Bg2 Bg5 27. Ne5 Nxe5 28. dxe5 Qc7 29. Qd3 R7a3 30. Qxb5 Qc2 31. Qf1 Bxe3 32. fxe3 Rxe3 33. Re1 Rd3 34. Rbd1 Rb3 35. Rc1 Qd2 36. Rcd1 Qc2 37. Rb1 Rd3 38. Rec1 Qd2 39. Ra1 Rb2 40. Rcb1 Rc2 41. Rd1 Qe3+ 42. Kh1 Rb3 43. Re1 Qd2 44. Rab1 Ra3 45. Red1 Qe3 46. Qf4 Qxf4 47. gxf4 Raa2 48. Rg1 Kf8 49. b5 1-0


[Site "https://www.chess.com"]

[Event "Titled Tuesday Blitz July 4 Late 2023"]
[White "Plat, Vojtech"]
[Black "Kamsky, Gata"]
[WhiteFideId "325740"]
[BlackFideId "2000024"]
[WhiteElo "2794"]
[BlackElo "2997"]
[Result "1/2-1/2"]
[Round "7"]
[TimeControl "180+2"]
[Date "2023.07.04"]
[WhiteClock "0:01:18"]
[BlackClock "0:01:03"]
[Board "7"]

1. e4 c5 2. Nf3 Nc6 3. d4 cxd4 4. Nxd4 e6 5. Nc3 Qc7 6. Be3 a6 7. Qf3 Nxd4 8. Bxd4 b5 9. Qg3 Qxg3 10. hxg3 Bb7 11. f3 Ne7 12. O-O-O Nc6 13. Be3 h6 14. g4 Rg8 15. Be2 Rc8 16. Rhe1 Ne5 17. Bd4 f6 18. Kb1 Bc5 19. a3 Bxd4 20. Rxd4 Ke7 21. Red1 g5 22. a4 bxa4 23. Rxa4 Rc6 24. Rdd4 Ra8 25. Rdb4 Bc8 26. Ra5 Rc7 27. Rb6 Rc6 28. Na4 Kd8 29. b3 Kc7 30. Rb4 d6 31. Kb2 Bb7 32. Nc3 Rc5 33. Ra1 Rc6 34. Rba4 Rb6 35. Nb5+ Kd7 36. Nd4 Ke7 37. Rh1 Rh8 38. Rha1 Ra8 39. Rh1 Rh8 40. Rha1 Ra8 1/2-1/2


[Site "https://www.chess.com"]

[Event "Titled Tuesday Blitz July 4 Late 2023"]
[White "Deac, Bogdan-Daniel"]
[Black "Halkias, Stelios"]
[WhiteFideId "1226380"]
[BlackFideId "4201809"]
[WhiteElo "2994"]
[BlackElo "2792"]
[Result "1/2-1/2"]
[Round "7"]
[TimeControl "180+2"]
[Date "2023.07.04"]
[WhiteClock "0:00:04"]
[BlackClock "0:00:08"]
[Board "8"]

1. b3 d5 2. Bb2 c5 3. e3 a6 4. Nf3 Nc6 5. d4 cxd4 6. Nxd4 Nf6 7. Nd2 g6 8. c4 Bg7 9. Nxc6 bxc6 10. Be2 O-O 11. O-O a5 12. Rc1 a4 13. b4 a3 14. Bd4 Be6 15. Qb3 Qb8 16. h3 Rd8 17. c5 Ne4 18. Nf3 Bd7 19. Bxg7 Kxg7 20. Bd3 Nf6 21. Qc3 Kg8 22. Rb1 Ne4 23. Bxe4 dxe4 24. Ne5 Be8 25. Rfd1 Qc7 26. Nc4 Rxd1+ 27. Rxd1 f6 28. Na5 Rd8 29. Rd4 e5 30. Rxd8 Qxd8 31. Qxa3 Qd1+ 32. Kh2 Qe2 33. Nb7 Bf7 34. Nd6 Bd5 35. Qa8+ Kg7 36. Qa7+ Kh6 37. Ne8 Qxf2 38. Qe7 Kg5 39. Qg7 h5 40. a4 h4 41. a5 Qg3+ 42. Kh1 Qe1+ 43. Kh2 Qg3+ 44. Kh1 Qe1+ 45. Kh2 Qg3+ 1/2-1/2


[Site "https://www.chess.com"]

[Event "Titled Tuesday Blitz July 4 Late 2023"]
[White "Paravyan, David"]
[Black "Fernandez Guillen, Ernesto J."]
[WhiteFideId "4194985"]
[BlackFideId "3512428"]
[WhiteElo "2977"]
[BlackElo "2749"]
[Result "1-0"]
[Round "7"]
[TimeControl "180+2"]
[Date "2023.07.04"]
[WhiteClock "0:01:22"]
[BlackClock "0:01:10"]
[Board "9"]

1. e4 e5 2. Nf3 Nc6 3. Bb5 f5 4. d3 fxe4 5. dxe4 Nf6 6. O-O d6 7. Bc4 Bg4 8. h3 Bh5 9. Qd3 Qd7 10. Ng5 Nd4 11. Nc3 h6 12. f4 hxg5 13. fxg5 O-O-O 14. gxf6 gxf6 15. Be3 Kb8 16. Bxd4 exd4 17. Nd5 c5 18. Nxf6 Qg7 19. Nxh5 Rxh5 20. Rf7 Qg6 21. Qb3 b6 22. Qa4 1-0


[Site "https://www.chess.com"]

[Event "Titled Tuesday Blitz July 4 Late 2023"]
[White "Ashraf, Artin"]
[Black "Keymer, Vincent"]
[WhiteFideId "22514805"]
[BlackFideId "12940690"]
[WhiteElo "2736"]
[BlackElo "2949"]
[Result "1-0"]
[Round "7"]
[TimeControl "180+2"]
[Date "2023.07.04"]
[WhiteClock "0:00:05"]
[BlackClock "0:00:04"]
[Board "10"]

1. c4 c6 2. Nf3 d5 3. d4 Nf6 4. e3 Bf5 5. Nc3 e6 6. Nh4 Be4 7. f3 Bg6 8. Nxg6 hxg6 9. Bd2 Be7 10. Qb3 Qc7 11. O-O-O dxc4 12. Bxc4 a5 13. f4 a4 14. Qc2 a3 15. b3 O-O 16. h4 b5 17. Bd3 Na6 18. Ne4 Rfc8 19. h5 gxh5 20. Nxf6+ Bxf6 21. Rxh5 g6 22. Rh6 Bg7 23. Rh3 c5 24. Bxb5 cxd4 25. Bc4 dxe3 26. Bxe3 Nb4 27. Qe2 Rab8 28. Kb1 Nd5 29. Bxd5 exd5 30. Qd3 Rb4 31. Bc1 Qe7 32. Re3 Qf6 33. Re5 Rxf4 34. Bxf4 Qxf4 35. Rxd5 Qf2 36. Rd8+ Rxd8 37. Qxd8+ Bf8 38. Qd4 Qf5+ 39. Qd3 Qf6 40. Qc2 Bg7 41. Kc1 Qa1+ 42. Kd2 Qd4+ 43. Kc1 Bh6+ 44. Kb1 Qe5 45. Qc8+ Bf8 46. Qc2 Bg7 47. Kc1 Bf6 48. Rd3 Kg7 49. Kd1 Bg5 50. Rf3 Bf6 51. Rd3 Qg5 52. Rf3 Qg4 53. Qd2 Qe4 54. Qd3 Qe5 55. Qc2 Qa1+ 56. Ke2 Qd4 57. Kf1 Qb2 58. Qe2 Qa1+ 59. Kf2 Qb2 60. Rd3 Bd4+ 61. Kf3 Bf6 62. Qxb2 axb2 63. Rd1 Bg5 64. Rb1 Bc1 65. a4 f5 66. a5 g5 67. a6 g4+ 68. Ke2 f4 69. a7 1-0


[Site "https://www.chess.com"]

[Event "Titled Tuesday Blitz July 4 Late 2023"]
[White "Pulvett Marin, Daniel Eduardo"]
[Black "Zhigalko, Sergei"]
[WhiteFideId "3900410"]
[BlackFideId "13502956"]
[WhiteElo "2721"]
[BlackElo "2893"]
[Result "0-1"]
[Round "7"]
[TimeControl "180+2"]
[Date "2023.07.04"]
[WhiteClock "0:00:00"]
[BlackClock "0:00:03"]
[Board "11"]

1. d4 Nf6 2. Nc3 d5 3. Bf4 a6 4. e3 b5 5. a3 Bb7 6. b4 Nbd7 7. Bd3 e6 8. h3 Bd6 9. Nge2 e5 10. dxe5 Nxe5 11. Nd4 O-O 12. O-O g6 13. Nce2 Re8 14. Nb3 Nh5 15. Bh2 Qe7 16. Ned4 Rad8 17. Nf5 Qf6 18. Nxd6 Rxd6 19. Nd4 Bc8 20. a4 c6 21. axb5 cxb5 22. Kh1 Rb6 23. Qe2 Ng7 24. Rad1 h5 25. Rfe1 Rb7 26. Qd2 Nc4 27. Bxc4 dxc4 28. e4 Rd7 29. c3 Ne6 30. Qe3 Red8 31. Rd2 Nxd4 32. cxd4 Rxd4 33. e5 Qb6 34. Bf4 Be6 35. Bg5 R8d5 36. Bf6 Kh7 37. Red1 c3 38. Rxd4 c2 39. Rxd5 Bxd5 40. Rc1 Qc6 41. f3 Be6 42. Qd2 Bf5 43. Qd6 Qe8 44. Qd8 Qxd8 45. Bxd8 Kg8 46. Bf6 Kf8 47. Kh2 Ke8 48. Kg1 a5 49. Kf2 axb4 50. Ke3 b3 51. Kd2 b2 52. Rxc2 b1=Q 53. Rc3 Qb2+ 54. Kd1 Qxc3 0-1


[Site "https://www.chess.com"]

[Event "Titled Tuesday Blitz July 4 Late 2023"]
[White "musclemonster12"]
[Black "Henriquez Villagra, Cristobal"]
[BlackFideId "3409350"]
[WhiteElo "2550"]
[BlackElo "2858"]
[Result "0-1"]
[Round "7"]
[TimeControl "180+2"]
[Date "2023.07.04"]
[WhiteClock "0:00:00"]
[BlackClock "0:00:10"]
[Board "12"]

1. Nf3 d6 2. d4 g6 3. c4 Bg7 4. Nc3 c5 5. dxc5 Bxc3+ 6. bxc3 dxc5 7. Qc2 Nc6 8. h3 e5 9. g3 Nf6 10. e4 Be6 11. Ng5 Bd7 12. Bg2 Qe7 13. O-O O-O-O 14. Rd1 h6 15. Nf3 g5 16. Nd2 Be6 17. Rb1 b6 18. Nf1 Rxd1 19. Qxd1 Na5 20. Ne3 Qd7 21. Qxd7+ Kxd7 22. Nd5 Ne8 23. Bf1 Nd6 24. f4 gxf4 25. gxf4 Naxc4 26. fxe5 Nxe5 27. Bf4 Bxd5 28. Bxe5 Rg8+ 29. Kf2 Nxe4+ 30. Ke3 Ke6 31. Bf4 Nd6 32. Rd1 Nf5+ 33. Kf2 f6 34. Bb5 Ne7 35. c4 Be4 36. Bd7+ Kf7 37. Bg4 Bf5 38. Bh5+ Bg6 39. Bf3 Bf5 40. Re1 Rd8 41. Bh5+ Ng6 42. Bf3 Nxf4 0-1


[Site "https://www.chess.com"]